[Event "4th Tamil Nadu Circuit-IM 2023"]
[Site "Pollachi"]
[Date "2023.11.06"]
[Round "1.1"]
[White "Gochelashvili, David"]
[Black "Abdyzhapar, Asylbek"]
[Result "1/2-1/2"]
[ECO "C89"]
[WhiteElo "2277"]
[BlackElo "2314"]
[Annotator "RC"]
[PlyCount "41"]
[EventDate "2023.10.23"]
[EventType "tourn"]
[EventCountry "IND"]
[SourceTitle "playchess.com"]
[Source "ChessBase"]
[SourceQuality "1"]
[TimeControl "5400+30"]

1. e4 e5 2. Nf3 Nc6 3. Bb5 a6 4. Ba4 Nf6 5. O-O Be7 6. Re1 b5 7. Bb3 O-O 8. c3 d5 9. exd5 Nxd5 10. Nxe5 Nxe5 11. Rxe5 c6 12. d4 Bd6 13. Re2 Bg4 14. f3 Bf5 15. Nd2 Nf4 16. Re1 Nd3 17. Re2 Nf4 18. Re1 Nd3 19. Re2 Nf4 20. Re1 Nd3 21. Re2 1/2-1/2

[Event "4th Tamil Nadu Circuit-IM 2023"]
[Site "Pollachi"]
[Date "2023.11.06"]
[Round "1.2"]
[White "Sekar, B."]
[Black "Podolchenko, Evgeniy"]
[Result "0-1"]
[ECO "C02"]
[WhiteElo "2333"]
[BlackElo "2395"]
[Annotator "RC"]
[PlyCount "126"]
[EventDate "2023.10.23"]
[EventType "tourn"]
[EventCountry "IND"]
[SourceTitle "playchess.com"]
[Source "ChessBase"]
[SourceQuality "1"]
[TimeControl "5400+30"]

1. e4 e6 2. d4 d5 3. e5 c5 4. c3 Qb6 5. Nf3 Nc6 6. a3 Bd7 7. b4 cxd4 8. cxd4 Rc8 9. Be3 Nh6 10. Bd3 Ng4 11. Nbd2 g6 12. O-O Nxe3 13. fxe3 Bh6 14. Qe2 Ne7 15. g4 Ba4 16. Rfc1 O-O 17. Nf1 Rxc1 18. Rxc1 Rc8 19. Qd2 Rxc1 20. Qxc1 Nc6 21. Qc5 Qxc5 22. bxc5 b6 23. cxb6 axb6 24. N3d2 Na5 25. Kf2 Bf8 26. Nb1 Nc4 27. Bxc4 dxc4 28. Nfd2 Bc2 29. Nc3 Bd3 30. Nb5 Be7 31. Kf3 Bh4 32. Ne4 Be1 33. Nec3 Kf8 34. e4 Ke7 35. Ke3 h5 36. gxh5 gxh5 37. Na4 Bc2 38. Nxb6 c3 39. Ke2 Bd2 40. a4 Bxe4 41. Nc4 Bf3+ 42. Kd3 Bf4 43. h3 Bg2 44. Nxc3 Bxh3 45. a5 Bg2 46. d5 exd5 47. Nb6 Bxe5 48. a6 Bxc3 49. Kxc3 h4 50. Kd4 h3 51. a7 h2 52. a8=Q h1=Q 53. Qa3+ Ke6 54. Qe3+ Kf5 55. Qe5+ Kg6 56. Qg3+ Kh7 57. Nd7 Qd1+ 58. Kc5 Qc2+ 59. Kd4 Qa4+ 60. Kc5 Qxd7 61. Qxg2 Qc7+ 62. Kd4 Qc4+ 63. Ke5 Qe4+ 0-1

[Event "4th Tamil Nadu Circuit-IM 2023"]
[Site "Pollachi"]
[Date "2023.11.06"]
[Round "1.3"]
[White "Srihari L"]
[Black "Nandhidhaa, P V"]
[Result "0-1"]
[ECO "C11"]
[WhiteElo "2200"]
[BlackElo "2260"]
[Annotator "RC"]
[PlyCount "64"]
[EventDate "2023.10.23"]
[EventType "tourn"]
[EventCountry "IND"]
[SourceTitle "playchess.com"]
[Source "ChessBase"]
[SourceQuality "1"]
[TimeControl "5400+30"]

1. e4 e6 2. d4 d5 3. Nc3 Nf6 4. e5 Nfd7 5. Nce2 c5 6. c3 Nc6 7. f4 Be7 8. Nf3 O-O 9. h4 f6 10. Rh3 b5 11. h5 b4 12. g4 a5 13. Ng3 bxc3 14. bxc3 cxd4 15. cxd4 fxe5 16. dxe5 Bb4+ 17. Kf2 Ndxe5 18. fxe5 Nxe5 19. Ne2 Qf6 20. Qb3 Nxg4+ 21. Kg2 Qxa1 22. Rg3 Ba6 23. Bb2 Ne3+ 24. Qxe3 Qxb2 25. Qxe6+ Kh8 26. h6 Ra7 27. hxg7+ Rxg7 28. Qxa6 Rxg3+ 29. Kxg3 Qg7+ 30. Kf2 Bc5+ 31. Ke1 Qa1+ 32. Kd2 Qxa2+ 0-1

[Event "4th Tamil Nadu Circuit-IM 2023"]
[Site "Pollachi"]
[Date "2023.11.06"]
[Round "1.4"]
[White "Laddha, Yash Jayesh"]
[Black "Laddha, Shubh Jayesh"]
[Result "1/2-1/2"]
[ECO "E04"]
[WhiteElo "2171"]
[BlackElo "2373"]
[Annotator "RC"]
[PlyCount "47"]
[EventDate "2023.10.23"]
[EventType "tourn"]
[EventCountry "IND"]
[SourceTitle "playchess.com"]
[Source "ChessBase"]
[SourceQuality "1"]
[TimeControl "5400+30"]

1. d4 Nf6 2. Nf3 d5 3. c4 e6 4. g3 dxc4 5. Bg2 c5 6. Qa4+ Bd7 7. Qxc4 Nc6 8. Nc3 cxd4 9. Nxd4 Rc8 10. Nxc6 Bxc6 11. Bxc6+ Rxc6 12. Qb5 Qa8 13. Bg5 Be7 14. O-O O-O 15. Qd3 Rd8 16. Qf3 h6 17. Bf4 a6 18. Rfd1 Rxd1+ 19. Rxd1 Qc8 20. e4 Bb4 21. Ne2 Be7 22. Nc3 Bb4 23. Ne2 Be7 24. Nc3 1/2-1/2

[Event "4th Tamil Nadu Circuit-IM 2023"]
[Site "Pollachi"]
[Date "2023.11.06"]
[Round "1.5"]
[White "Shaik Sumer Arsh"]
[Black "Nawin J J"]
[Result "1-0"]
[ECO "E11"]
[WhiteElo "2273"]
[BlackElo "2305"]
[Annotator "RC"]
[PlyCount "90"]
[EventDate "2023.10.23"]
[EventType "tourn"]
[EventCountry "IND"]
[SourceTitle "playchess.com"]
[Source "ChessBase"]
[SourceQuality "1"]
[TimeControl "5400+30"]

1. d4 Nf6 2. c4 e6 3. Nf3 Bb4+ 4. Bd2 a5 5. a3 Bxd2+ 6. Qxd2 d6 7. Nc3 Nbd7 8. e4 e5 9. O-O-O exd4 10. Nxd4 O-O 11. Bd3 Nc5 12. Kb1 Re8 13. f3 Nfd7 14. Be2 Nb6 15. h4 c6 16. g4 Qf6 17. Nf5 Bxf5 18. gxf5 Rad8 19. Qg5 h6 20. Qxf6 gxf6 21. Rhg1+ Kf8 22. Rg2 Ke7 23. Rg7 Rg8 24. Rh7 Rg2 25. f4 Nca4 26. Nxa4 Nxa4 27. Rd2 Rdg8 28. Kc2 R8g3 29. Bh5 Rxd2+ 30. Kxd2 Nc5 31. Bxf7 Rg2+ 32. Ke3 Rxb2 33. Bg6+ Kd8 34. Rh8+ Kc7 35. Rh7+ Kb6 36. e5 Rb3+ 37. Ke2 dxe5 38. fxe5 fxe5 39. Re7 e4 40. f6 Rf3 41. f7 Rf6 42. h5 a4 43. Ke3 Rf3+ 44. Kd4 Rd3+ 45. Ke5 Rd8 1-0

[Event "4th Tamil Nadu Circuit-IM 2023"]
[Site "Pollachi"]
[Date "2023.11.06"]
[Round "2.1"]
[White "Abdyzhapar, Asylbek"]
[Black "Nawin J J"]
[Result "1-0"]
[ECO "B90"]
[WhiteElo "2314"]
[BlackElo "2305"]
[Annotator "RC"]
[PlyCount "85"]
[EventDate "2023.10.23"]
[EventType "tourn"]
[EventCountry "IND"]
[SourceTitle "playchess.com"]
[Source "ChessBase"]
[SourceQuality "1"]
[TimeControl "5400+30"]

1. e4 c5 2. Nf3 d6 3. d4 cxd4 4. Nxd4 Nf6 5. Nc3 a6 6. Nb3 Qc7 7. Nd5 Nxd5 8. exd5 Nd7 9. Be2 g6 10. Be3 Bg7 11. Bd4 Nf6 12. g4 h6 13. h4 e5 14. dxe6 Bxe6 15. Qd3 Rc8 16. c3 O-O 17. g5 Bf5 18. Qf3 Bg4 19. Qf4 Rfe8 20. f3 Nd5 21. Qxg4 h5 22. Qg1 Nf4 23. Rh2 Qc4 24. Nc1 Rxe2+ 25. Rxe2 Nxe2 26. Nxe2 Re8 27. Qf2 Bxd4 28. cxd4 Qb4+ 29. Kf1 Qxb2 30. Rd1 Qxa2 31. Nf4 Qc4+ 32. Kg2 b5 33. Qd2 b4 34. Rc1 Qb5 35. Qd3 Qxd3 36. Nxd3 Re2+ 37. Kg3 a5 38. Rc8+ Kg7 39. Nf4 Rd2 40. Nd5 f5 41. gxf6+ Kf7 42. Rc7+ Kf8 43. Nf4 1-0

[Event "4th Tamil Nadu Circuit-IM 2023"]
[Site "Pollachi"]
[Date "2023.11.06"]
[Round "2.2"]
[White "Laddha, Shubh Jayesh"]
[Black "Shaik Sumer Arsh"]
[Result "1/2-1/2"]
[ECO "C18"]
[WhiteElo "2373"]
[BlackElo "2273"]
[Annotator "RC"]
[PlyCount "67"]
[EventDate "2023.10.23"]
[EventType "tourn"]
[EventCountry "IND"]
[SourceTitle "playchess.com"]
[Source "ChessBase"]
[SourceQuality "1"]
[TimeControl "5400+30"]

1. e4 e6 2. d4 d5 3. Nc3 Bb4 4. e5 c5 5. a3 Bxc3+ 6. bxc3 Ne7 7. Qg4 Qc7 8. Qxg7 Rg8 9. Qxh7 cxd4 10. Ne2 dxc3 11. f4 Nbc6 12. h4 Bd7 13. h5 O-O-O 14. Qd3 d4 15. h6 Rg6 16. h7 Rh8 17. Nxd4 Nxd4 18. Qxd4 Bc6 19. Rh2 Rg7 20. Qxc3 Nf5 21. Bd2 Be4 22. Qxc7+ Kxc7 23. Kf2 Rhxh7 24. Rxh7 Rxh7 25. Re1 Bc6 26. Bd3 Rg7 27. Be4 Rg3 28. Bb4 b6 29. Re2 a5 30. Bd6+ Kb7 31. Bxf5 Rxg2+ 32. Kf1 Rxe2 33. Kxe2 exf5 34. c3 1/2-1/2

[Event "4th Tamil Nadu Circuit-IM 2023"]
[Site "Pollachi"]
[Date "2023.11.06"]
[Round "2.3"]
[White "Nandhidhaa, P V"]
[Black "Laddha, Yash Jayesh"]
[Result "1-0"]
[ECO "D02"]
[WhiteElo "2260"]
[BlackElo "2171"]
[Annotator "RC"]
[PlyCount "93"]
[EventDate "2023.10.23"]
[EventType "tourn"]
[EventCountry "IND"]
[SourceTitle "playchess.com"]
[Source "ChessBase"]
[SourceQuality "1"]
[TimeControl "5400+30"]

1. d4 d5 2. Nf3 Nf6 3. Bf4 c5 4. e3 Nc6 5. c3 e6 6. Nbd2 Bd6 7. Bg3 O-O 8. Bd3 b6 9. e4 Be7 10. e5 Nh5 11. Ng5 Bxg5 12. Qxh5 g6 13. Qe2 cxd4 14. h4 Be7 15. h5 dxc3 16. bxc3 d4 17. c4 Nb4 18. Be4 d3 19. Qg4 g5 20. O-O Rb8 21. h6 Kh8 22. a3 Na6 23. Nb3 Bb7 24. Rad1 Bxe4 25. Qxe4 Qc7 26. Rxd3 Nc5 27. Nxc5 Qxc5 28. Rfd1 Rbd8 29. Qb7 Kg8 30. Rxd8 Bxd8 31. Qxa7 Be7 32. Rd7 Re8 33. a4 Qb4 34. Kh2 Kf8 35. Qa6 Qb1 36. Qb5 Qg6 37. Qxb6 Qxh6+ 38. Kg1 g4 39. Qb1 Qg7 40. a5 h5 41. a6 h4 42. Rxe7 Rxe7 43. Bxh4 Re8 44. Qb4+ Kg8 45. Qb5 Kf8 46. a7 Qh6 47. Qxe8+ 1-0

[Event "4th Tamil Nadu Circuit-IM 2023"]
[Site "Pollachi"]
[Date "2023.11.06"]
[Round "2.4"]
[White "Podolchenko, Evgeniy"]
[Black "Srihari L"]
[Result "0-1"]
[ECO "E94"]
[WhiteElo "2395"]
[BlackElo "2200"]
[Annotator "RC"]
[PlyCount "100"]
[EventDate "2023.10.23"]
[EventType "tourn"]
[EventCountry "IND"]
[SourceTitle "playchess.com"]
[Source "ChessBase"]
[SourceQuality "1"]
[TimeControl "5400+30"]

1. d4 Nf6 2. c4 g6 3. Nc3 Bg7 4. e4 d6 5. Nf3 O-O 6. Be2 e5 7. O-O exd4 8. Nxd4 Re8 9. f3 c6 10. Kh1 Nbd7 11. Bf4 Nh5 12. Be3 f5 13. Qd2 f4 14. Bf2 Be5 15. Rfd1 Qf6 16. Bf1 Nf8 17. Rac1 Ng7 18. b4 g5 19. b5 Bd7 20. bxc6 bxc6 21. c5 dxc5 22. Nb3 Be6 23. Na4 g4 24. Naxc5 Bxb3 25. Nxb3 g3 26. Bc5 Rad8 27. Qb4 Rxd1 28. Rxd1 gxh2 29. Nd4 Ng6 30. Bxa7 Rd8 31. Qb3+ Kh8 32. Ne2 Nh5 33. a4 Rg8 34. Bf2 Nh4 35. a5 Qg5 36. Bxh4 Qxh4 37. Qb6 Nf6 38. Qc5 Qg5 39. a6 h5 40. a7 h4 41. Rb1 h3 42. gxh3 Qh5 43. Bg2 Nxe4 44. Nxf4 Ng3+ 45. Kxh2 Bxf4 46. Qxh5+ Nxh5+ 47. Kg1 Be3+ 48. Kf1 Bxa7 49. f4 Nxf4 50. Ra1 Bd4 0-1

[Event "4th Tamil Nadu Circuit-IM 2023"]
[Site "Pollachi"]
[Date "2023.11.06"]
[Round "2.5"]
[White "Gochelashvili, David"]
[Black "Sekar, B."]
[Result "1-0"]
[ECO "B94"]
[WhiteElo "2277"]
[BlackElo "2333"]
[Annotator "RC"]
[PlyCount "77"]
[EventDate "2023.10.23"]
[EventType "tourn"]
[EventCountry "IND"]
[SourceTitle "playchess.com"]
[Source "ChessBase"]
[SourceQuality "1"]
[TimeControl "5400+30"]

1. e4 c5 2. Nf3 d6 3. d4 cxd4 4. Nxd4 Nf6 5. Nc3 a6 6. Bg5 Nbd7 7. f4 Qc7 8. Qf3 h6 9. Bxf6 Nxf6 10. f5 Qc5 11. O-O-O g5 12. fxg6 Bg4 13. gxf7+ Kxf7 14. Qd3 Bxd1 15. Nxd1 Bg7 16. Qb3+ d5 17. Nf5 Nxe4 18. Bd3 Nf6 19. Re1 Rhe8 20. Nh4 Kg8 21. Bg6 Rec8 22. Bf5 Rc7 23. Be6+ Kh8 24. Qd3 Bf8 25. Ng6+ Kg7 26. Ne5 Ne4 27. Bxd5 e6 28. Rxe4 Qxd5 29. Rg4+ Kf6 30. Qf1+ Ke7 31. Ng6+ Kd6 32. Nxf8 Qf5 33. Qxf5 exf5 34. Rg6+ Ke5 35. Re6+ Kf4 36. Ne3 Rc6 37. Ng6+ Kg5 38. h4+ Kh5 39. g3 1-0

[Event "4th Tamil Nadu Circuit-IM 2023"]
[Site "Pollachi"]
[Date "2023.11.07"]
[Round "3.1"]
[White "Sekar, B."]
[Black "Abdyzhapar, Asylbek"]
[Result "1/2-1/2"]
[ECO "C54"]
[WhiteElo "2333"]
[BlackElo "2314"]
[Annotator "RC"]
[PlyCount "104"]
[EventDate "2023.10.23"]
[EventType "tourn"]
[EventCountry "IND"]
[SourceTitle "playchess.com"]
[Source "ChessBase"]
[SourceQuality "1"]
[TimeControl "5400+30"]

1. e4 e5 2. Nf3 Nc6 3. Bc4 Bc5 4. c3 Nf6 5. d3 d6 6. O-O O-O 7. h3 h6 8. Re1 a5 9. Nbd2 Be6 10. Bb5 Qb8 11. Nf1 Qa7 12. Re2 a4 13. Ng3 Qa5 14. Bxc6 bxc6 15. Nh4 Rfe8 16. Re1 d5 17. Qf3 Nd7 18. Nhf5 Bf8 19. Nh5 Kh7 20. Nfxg7 Bxg7 21. Nxg7 Kxg7 22. Qg3+ Kf8 23. f4 dxe4 24. fxe5 Nc5 25. Qh4 Red8 26. Bxh6+ Ke8 27. d4 Nd3 28. Re2 a3 29. b4 Qd5 30. Bg5 Rdb8 31. Rxe4 Kd7 32. c4 Qxc4 33. d5 Qxd5 34. Rd4 Rxb4 35. Rxd5+ cxd5 36. Qg3 Nc5 37. Bf6 Ne4 38. Qg7 Rab8 39. h4 Nd2 40. Bg5 Rg4 41. Qf6 Nc4 42. Rf1 Kc6 43. Rf4 Rb1+ 44. Rf1 Rb2 45. Rf2 d4 46. h5 Ne3 47. h6 Rxg2+ 48. Rxg2 Rxg2+ 49. Kh1 Rh2+ 50. Kg1 Rg2+ 51. Kh1 Rh2+ 52. Kg1 Rg2+ 1/2-1/2

[Event "4th Tamil Nadu Circuit-IM 2023"]
[Site "Pollachi"]
[Date "2023.11.07"]
[Round "3.2"]
[White "Srihari L"]
[Black "Gochelashvili, David"]
[Result "1-0"]
[ECO "B77"]
[WhiteElo "2200"]
[BlackElo "2277"]
[Annotator "RC"]
[PlyCount "107"]
[EventDate "2023.10.23"]
[EventType "tourn"]
[EventCountry "IND"]
[SourceTitle "playchess.com"]
[Source "ChessBase"]
[SourceQuality "1"]
[TimeControl "5400+30"]

1. e4 c5 2. Nf3 Nc6 3. d4 cxd4 4. Nxd4 g6 5. Nc3 Bg7 6. Be3 Nf6 7. Bc4 O-O 8. Bb3 d6 9. f3 Nxd4 10. Bxd4 Qa5 11. Qd2 Be6 12. O-O-O b5 13. Kb1 b4 14. Bxe6 fxe6 15. Ne2 Qb5 16. Qd3 Rfb8 17. Qxb5 Rxb5 18. c4 bxc3 19. Nxc3 Rb4 20. a3 Rc4 21. Ne2 Nd7 22. Bxg7 Kxg7 23. Rc1 Nb6 24. Rxc4 Nxc4 25. Rc1 d5 26. Nf4 Rb8 27. Nxe6+ Kf6 28. Nc7 Nxb2 29. Nxd5+ Kg5 30. Ka1 Nd3 31. Rd1 Rb3 32. a4 Ra3+ 33. Kb1 e6 34. Nc7 Nf4 35. g3 Ne2 36. f4+ Kg4 37. Rd2 Kf3 38. Nb5 Re3 39. e5 a6 40. Nc7 Rb3+ 41. Rb2 Nc3+ 42. Kc2 Rxb2+ 43. Kxb2 Nxa4+ 44. Kb3 Nb6 45. Nxe6 Kg2 46. Kb4 Kxh2 47. Kc5 Nc8 48. g4 a5 49. f5 gxf5 50. gxf5 Ne7 51. f6 Ng6 52. Kd6 Kg3 53. Nd4 Kf4 54. e6 1-0

[Event "4th Tamil Nadu Circuit-IM 2023"]
[Site "Pollachi"]
[Date "2023.11.07"]
[Round "3.3"]
[White "Laddha, Yash Jayesh"]
[Black "Podolchenko, Evgeniy"]
[Result "*"]
[ECO "B13"]
[WhiteElo "2171"]
[BlackElo "2395"]
[Annotator "RC"]
[PlyCount "49"]
[EventDate "2023.10.23"]
[EventType "tourn"]
[EventCountry "IND"]
[SourceTitle "playchess.com"]
[Source "ChessBase"]
[SourceQuality "1"]
[TimeControl "5400+30"]

1. e4 c6 2. d4 d5 3. exd5 cxd5 4. Bd3 Nc6 5. c3 Nf6 6. Bf4 Bg4 7. Qb3 Qd7 8. Nd2 e6 9. Ngf3 Bxf3 10. Nxf3 Bd6 11. Bxd6 Qxd6 12. O-O O-O 13. Rae1 Rab8 14. Ne5 b5 15. a3 a5 16. Qd1 b4 17. axb4 axb4 18. f4 bxc3 19. bxc3 g6 20. Qf3 Rb2 21. g4 Ra8 22. Rf2 Raa2 23. Rxb2 Rxb2 24. Rf1 Qc7 25. Rf2 *

[Event "4th Tamil Nadu Circuit-IM 2023"]
[Site "Pollachi"]
[Date "2023.11.07"]
[Round "3.4"]
[White "Shaik Sumer Arsh"]
[Black "Nandhidhaa, P V"]
[Result "1/2-1/2"]
[ECO "D38"]
[WhiteElo "2273"]
[BlackElo "2260"]
[Annotator "RC"]
[PlyCount "134"]
[EventDate "2023.10.23"]
[EventType "tourn"]
[EventCountry "IND"]
[SourceTitle "playchess.com"]
[Source "ChessBase"]
[SourceQuality "1"]
[TimeControl "5400+30"]

1. d4 Nf6 2. c4 e6 3. Nf3 d5 4. Nc3 Bb4 5. cxd5 exd5 6. Bg5 h6 7. Bh4 O-O 8. e3 Bf5 9. Qb3 Bxc3+ 10. Qxc3 Nbd7 11. Be2 c6 12. Nd2 Ne4 13. Bxd8 Nxc3 14. bxc3 Rfxd8 15. a4 Nf6 16. Nf1 Ne4 17. Ng3 Bg6 18. Nxe4 Bxe4 19. f3 Bg6 20. Kd2 Rd7 21. a5 Re8 22. Rhe1 Rde7 23. Bd3 Bxd3 24. Kxd3 f5 25. Ra4 Kf7 26. c4 Ke6 27. Rb4 Kd6 28. h3 h5 29. c5+ Kc7 30. h4 g6 31. Rb3 a6 32. Rb2 Kc8 33. Rbe2 Rd8 34. Rb2 Rde8 35. Rbe2 Rd8 36. Rb2 Rde8 37. Rb3 Kc7 38. Ke2 Rg8 39. Kf2 g5 40. hxg5 Rxg5 41. Reb1 Kc8 42. Rh1 Reg7 43. Rh2 h4 44. Rb1 Kd8 45. Rg1 Rh7 46. Rgh1 Rhg7 47. Kf1 Ke7 48. Rxh4 Rxg2 49. Rh7 Kf6 50. R1h6+ R2g6 51. Kf2 Rxh6 52. Rxh6+ Rg6 53. Rh8 Rg7 54. Rb8 Ke6 55. Rf8 Rf7 56. Rh8 Rg7 57. Rh6+ Kf7 58. e4 fxe4 59. fxe4 dxe4 60. Ke3 Ke7 61. Kxe4 Kd7 62. d5 cxd5+ 63. Kxd5 Rg5+ 64. Kd4 Rg4+ 65. Kd5 Rg5+ 66. Kd4 Rg4+ 67. Kd5 Rg5+ 1/2-1/2

[Event "4th Tamil Nadu Circuit-IM 2023"]
[Site "Pollachi"]
[Date "2023.11.07"]
[Round "3.5"]
[White "Nawin J J"]
[Black "Laddha, Shubh Jayesh"]
[Result "1/2-1/2"]
[ECO "C64"]
[WhiteElo "2305"]
[BlackElo "2373"]
[Annotator "RC"]
[PlyCount "127"]
[EventDate "2023.10.23"]
[EventType "tourn"]
[EventCountry "IND"]
[SourceTitle "playchess.com"]
[Source "ChessBase"]
[SourceQuality "1"]
[TimeControl "5400+30"]

1. e4 e5 2. Nf3 Nc6 3. Bb5 a6 4. Ba4 Bc5 5. O-O Nge7 6. c3 Ng6 7. d4 Ba7 8. Bb3 O-O 9. a4 d6 10. h3 h6 11. Be3 Qf6 12. Na3 Re8 13. Bc2 Nf4 14. Kh2 Rd8 15. d5 Ne7 16. Ng1 g5 17. g3 Nfg6 18. Nc4 Qg7 19. Bxa7 Rxa7 20. Ne3 Rf8 21. Qf3 f6 22. Ne2 Ra8 23. Rg1 Qf7 24. Qh5 Kh7 25. h4 Nh8 26. Qf3 Qg6 27. Nf5 g4 28. Qd3 Nxf5 29. exf5 Qg7 30. Qc4 h5 31. Raf1 Qe7 32. Be4 Nf7 33. f4 b5 34. axb5 axb5 35. Qd3 Ra4 36. b4 Bd7 37. Rg2 Re8 38. Rgf2 Ra2 39. Qb1 Rea8 40. Nc1 Ra1 41. Qc2 R8a7 42. Nb3 Rxf1 43. Rxf1 Qd8 44. fxe5 dxe5 45. Nc5 Nd6 46. Rf2 Ra1 47. Re2 Be8 48. Ne6 Qb8 49. Qb2 Qa7 50. Bb1 Nc4 51. Qb3 Qb7 52. Ra2 Qxd5 53. Nxc7 Rxa2+ 54. Qxa2 Qd7 55. Nxe8 Qxe8 56. Bd3 Nd6 57. Qa7+ Kg8 58. Qc7 Qf8 59. Qc5 Qb8 60. Qc6 Qa7 61. Qxd6 Qf2+ 62. Kh1 Qe1+ 63. Kg2 Qd2+ 64. Kf1 1/2-1/2

[Event "4th Tamil Nadu Circuit-IM 2023"]
[Site "Pollachi"]
[Date "2023.11.08"]
[Round "4.1"]
[White "Abdyzhapar, Asylbek"]
[Black "Laddha, Shubh Jayesh"]
[Result "1-0"]
[ECO "C88"]
[WhiteElo "2314"]
[BlackElo "2373"]
[Annotator "RC"]
[PlyCount "107"]
[EventDate "2023.10.23"]
[EventType "tourn"]
[EventCountry "IND"]
[SourceTitle "playchess.com"]
[Source "ChessBase"]
[SourceQuality "1"]
[TimeControl "5400+30"]

1. e4 e5 2. Nf3 Nc6 3. Bb5 a6 4. Ba4 Nf6 5. O-O Be7 6. Re1 b5 7. Bb3 O-O 8. a4 b4 9. d4 d6 10. dxe5 dxe5 11. Nbd2 Bc5 12. c3 bxc3 13. bxc3 Rb8 14. a5 Qd3 15. Qc2 Qxc2 16. Bxc2 Bd6 17. Nc4 Be6 18. Nxd6 cxd6 19. Be3 d5 20. Bc5 Rfc8 21. exd5 Bxd5 22. Bd6 Rb5 23. Nxe5 Nxa5 24. Bd3 Rb6 25. Bb4 Nc4 26. h3 Nxe5 27. Rxe5 Bc4 28. Bxc4 Rxc4 29. Rd1 Rc8 30. Re7 h6 31. Ra7 Rbc6 32. Rd4 R8c7 33. Rxc7 Rxc7 34. Kf1 Nd7 35. Ke2 f6 36. f4 Kf7 37. Kd3 Nc5+ 38. Bxc5 Rxc5 39. Rd7+ Kg6 40. c4 Ra5 41. Kc3 Ra1 42. Kb2 Ra4 43. Kb3 Ra1 44. g4 h5 45. gxh5+ Kh6 46. Rd2 Rh1 47. c5 Rxh3+ 48. Kb4 Rxh5 49. c6 Rb5+ 50. Kc4 Rb8 51. Kc5 Kg6 52. Rd5 Rb1 53. c7 Rc1+ 54. Kd6 1-0

[Event "4th Tamil Nadu Circuit-IM 2023"]
[Site "Pollachi"]
[Date "2023.11.08"]
[Round "4.2"]
[White "Nandhidhaa, P V"]
[Black "Nawin J J"]
[Result "1-0"]
[ECO "C68"]
[WhiteElo "2260"]
[BlackElo "2305"]
[Annotator "RC"]
[PlyCount "77"]
[EventDate "2023.10.23"]
[EventType "tourn"]
[EventCountry "IND"]
[SourceTitle "playchess.com"]
[Source "ChessBase"]
[SourceQuality "1"]
[TimeControl "5400+30"]

1. e4 e5 2. Nf3 Nc6 3. Bb5 a6 4. Bxc6 dxc6 5. O-O Bd6 6. d4 Bg4 7. dxe5 Bxf3 8. Qxf3 Bxe5 9. Nd2 Qf6 10. Qb3 O-O-O 11. Nf3 Bf4 12. e5 Qf5 13. Bxf4 Qxf4 14. e6 fxe6 15. Qxe6+ Kb8 16. Rad1 Nf6 17. h3 Rhe8 18. Qf7 g5 19. Rfe1 Rxe1+ 20. Rxe1 h5 21. Ne5 g4 22. Nd3 Qd4 23. hxg4 hxg4 24. Re6 Nd5 25. Re8 Rxe8 26. Qxe8+ Ka7 27. Kh2 Qc4 28. Qe2 b6 29. a3 a5 30. b3 Qc3 31. Kg3 a4 32. bxa4 c5 33. Qe5 Qc4 34. a5 bxa5 35. Nb2 Qa2 36. Kxg4 Qxa3 37. Nc4 Qb4 38. Qxd5 a4 39. Qd3 1-0

[Event "4th Tamil Nadu Circuit-IM 2023"]
[Site "Pollachi"]
[Date "2023.11.08"]
[Round "4.3"]
[White "Podolchenko, Evgeniy"]
[Black "Shaik Sumer Arsh"]
[Result "*"]
[ECO "E36"]
[WhiteElo "2395"]
[BlackElo "2273"]
[Annotator "RC"]
[PlyCount "57"]
[EventDate "2023.10.23"]
[EventType "tourn"]
[EventCountry "IND"]
[SourceTitle "playchess.com"]
[Source "ChessBase"]
[SourceQuality "1"]
[TimeControl "5400+30"]

1. d4 Nf6 2. c4 e6 3. Nc3 Bb4 4. Qc2 O-O 5. a3 Bxc3+ 6. Qxc3 d5 7. cxd5 Ne4 8. Qc2 exd5 9. Bf4 Nc6 10. e3 Re8 11. Nf3 g5 12. Bg3 Bf5 13. Bd3 g4 14. Ne5 Nxe5 15. dxe5 Re6 16. f3 Rc6 17. Qe2 Nxg3 18. hxg3 gxf3 19. gxf3 Qg5 20. g4 Bxd3 21. Qxd3 Qg6 22. Qxg6+ hxg6 23. Rh2 Re8 24. f4 f6 25. Kd2 fxe5 26. Rah1 Kf7 27. Rh7+ Kf6 28. g5+ Ke6 29. Rg7 *

[Event "4th Tamil Nadu Circuit-IM 2023"]
[Site "Pollachi"]
[Date "2023.11.08"]
[Round "4.4"]
[White "Gochelashvili, David"]
[Black "Laddha, Yash Jayesh"]
[Result "1-0"]
[ECO "D02"]
[WhiteElo "2277"]
[BlackElo "2171"]
[Annotator "RC"]
[PlyCount "83"]
[EventDate "2023.10.23"]
[EventType "tourn"]
[EventCountry "IND"]
[SourceTitle "playchess.com"]
[Source "ChessBase"]
[SourceQuality "1"]
[TimeControl "5400+30"]

1. d4 d5 2. Nf3 Nf6 3. Bf4 c5 4. e3 Nc6 5. c3 Qb6 6. Qb3 c4 7. Qc2 Bf5 8. Qc1 e6 9. Nbd2 Qd8 10. Nh4 Bg4 11. h3 Bh5 12. g4 Bg6 13. Nxg6 hxg6 14. Bg2 Bd6 15. Bxd6 Qxd6 16. b3 cxb3 17. axb3 O-O 18. Qa3 Qd7 19. O-O a5 20. Rfc1 Ne4 21. Nxe4 dxe4 22. Bxe4 f5 23. Bg2 fxg4 24. hxg4 e5 25. d5 Qf7 26. Rc2 Nd8 27. Qa4 Qf6 28. b4 Nf7 29. bxa5 Qh4 30. Qe4 Ra6 31. Ra4 Rf6 32. g5 Qxg5 33. Qg4 Qh6 34. Qg3 Rf5 35. Rg4 Kh7 36. Be4 Rg5 37. f4 exf4 38. exf4 Rxg4 39. Qxg4 Ne5 40. fxe5 Qe3+ 41. Kg2 Rf4 42. Bxg6+ 1-0

[Event "4th Tamil Nadu Circuit-IM 2023"]
[Site "Pollachi"]
[Date "2023.11.08"]
[Round "4.5"]
[White "Sekar, B."]
[Black "Srihari L"]
[Result "1/2-1/2"]
[ECO "B45"]
[WhiteElo "2333"]
[BlackElo "2200"]
[Annotator "RC"]
[PlyCount "80"]
[EventDate "2023.10.23"]
[EventType "tourn"]
[EventCountry "IND"]
[SourceTitle "playchess.com"]
[Source "ChessBase"]
[SourceQuality "1"]
[TimeControl "5400+30"]

1. e4 c5 2. Nf3 e6 3. d4 cxd4 4. Nxd4 Nc6 5. Nc3 Nf6 6. Ndb5 Bb4 7. a3 Bxc3+ 8. Nxc3 d5 9. Bd3 dxe4 10. Nxe4 Nxe4 11. Bxe4 Qxd1+ 12. Kxd1 Bd7 13. Be3 f5 14. Bd3 Kf7 15. f4 e5 16. Kd2 e4 17. Be2 Be6 18. Rhd1 Rac8 19. Rac1 Rhd8+ 20. Ke1 Rxd1+ 21. Kxd1 a6 22. Bb6 h6 23. b4 g5 24. g3 gxf4 25. gxf4 Rg8 26. c4 Ne7 27. Rc3 Nc8 28. Bc5 b6 29. Be3 Rg2 30. h3 Rh2 31. Bd4 Rh1+ 32. Kd2 Ra1 33. Rg3 Ra2+ 34. Ke1 Nd6 35. Rg7+ Ke8 36. c5 bxc5 37. Bxc5 Ra1+ 38. Kf2 Ra2 39. Ke1 Ra1+ 40. Kd2 Ra2+ 1/2-1/2

[Event "4th Tamil Nadu Circuit-IM 2023"]
[Site "Pollachi"]
[Date "2023.11.08"]
[Round "5.1"]
[White "Srihari L"]
[Black "Abdyzhapar, Asylbek"]
[Result "1-0"]
[ECO "C42"]
[WhiteElo "2200"]
[BlackElo "2314"]
[Annotator "RC"]
[PlyCount "99"]
[EventDate "2023.10.23"]
[EventType "tourn"]
[EventCountry "IND"]
[SourceTitle "playchess.com"]
[Source "ChessBase"]
[SourceQuality "1"]
[TimeControl "5400+30"]

1. e4 e5 2. Nf3 Nf6 3. Nxe5 d6 4. Nf3 Nxe4 5. d4 d5 6. Bd3 Be7 7. O-O Nc6 8. Nbd2 Nd6 9. c3 Bf5 10. Bxf5 Nxf5 11. Re1 O-O 12. Ne5 Nxe5 13. Rxe5 g6 14. Qb3 Bd6 15. Rxd5 Re8 16. Nf3 Qc8 17. Bg5 c6 18. Re5 Bxe5 19. dxe5 h6 20. Bf6 Ng7 21. Rd1 b6 22. Rd6 Qf5 23. h3 Re6 24. Nd4 Qb1+ 25. Kh2 Rxd6 26. exd6 Qe4 27. Be7 c5 28. Nb5 c4 29. Qb4 a5 30. Qa4 Ne6 31. Nd4 Qe5+ 32. Kg1 Qe1+ 33. Kh2 Qe5+ 34. Kg1 b5 35. Nxb5 Rb8 36. Nd4 Qe1+ 37. Kh2 Qe5+ 38. Kg1 Rxb2 39. Qe8+ Kh7 40. Qxf7+ Ng7 41. g4 Qe4 42. Kh2 Rb1 43. Nf3 Qe2 44. Kg2 Qf1+ 45. Kg3 Rb2 46. Bf8 Qxf2+ 47. Kf4 g5+ 48. Ke4 Qc2+ 49. Kd5 Qd1+ 50. Ke4 1-0